 Dungeon Crawl Stone Soup version 0.16-a0-1065-g6dfd42a (webtiles) character file.

957 MackTheKnife the Bolt Thrower (level 8, 0/48 HPs)
             Began as a Kobold Arcane Marksman on Oct 4, 2014.
             Slain by an orc warrior
             ... wielding a +2 short sword of draining
              (18 damage)
             ... on level 5 of the Dungeon on Oct 5, 2014.
             The game lasted 00:16:48 (8017 turns).

MackTheKnife the Bolt Thrower (KoAM)                Turns: 8017, Time: 00:16:48

HP   0/48        AC  4     Str 14      XL: 8   Next: 37%
MP  13/14        EV 18     Int 16      God:
Gold 312         SH  0     Dex 16      Spells:  1 memorised,  9 levels left

rFire  . . .     SeeInvis .     a - +1 flail (crush)
rCold  . . .     Clarity  .     e - +1 robe
rNeg   . . .     rCorr    .     (no shield)
rPois  .         rRot     .     (no helmet)
rElec  .         Spirit   .     g - +0 cloak
SustAb .         Warding  .     (no gloves)
rMut   .         Stasis   .     (no boots)
Gourm  .                        (no amulet)
MR     .....                    (no ring)
                                p - +3 ring of intelligence

@: mighty, drained, not resistant to hostile enchantments, very unstealthy
A: carnivore 3
a: no special abilities


You were on level 5 of the Dungeon.
You were not hungry.

You visited 1 branch of the dungeon, and saw 6 of its levels.
You also visited: Ossuary.

You collected 312 gold pieces.


Innate Abilities, Weirdness & Mutations

You are small and have problems with some larger weapons.
You are carnivorous and can eat meat at any time.


   Skills:
 - Level 3.7(3.2) Fighting
 - Level 7.6(7.1) Crossbows
 - Level 6.1(5.6) Dodging
 + Level 2.3(1.9) Spellcasting
 + Level 3.8(3.3) Hexes


You had 9 spell levels left.
You knew the following spells:

 Your Spells              Type           Power        Failure   Level  Hunger
x - Slow                  Hex            ##......     10%         2    ###....

Inventory:

Hand weapons
 a - a +1 flail of crushing (weapon)
 b - a +0 hand crossbow
Missiles
 c - 6 bolts
 i - 9 bolts of flame
 l - 7 steel bolts
Armour
 e - a +1 robe (worn)
 g - a +0 cloak (worn)
Magical devices
 o - a wand of polymorph (7)
 s - a wand of digging (11) {unknown}
Comestibles
 f - 3 meat rations
 h - a beef jerky
 x - a royal jelly
Scrolls
 k - a scroll of teleportation
 m - 3 scrolls of amnesia
 n - a scroll of remove curse
 t - 2 scrolls of identify
Jewellery
 p - a +3 ring of intelligence (left hand)
Potions
 j - 2 potions of restore abilities
 r - a potion of haste {unknown}
 u - a potion of might
 v - a potion of brilliance {unknown}
 w - 2 potions of cancellation
 z - a potion of curing
Books
 d - a book of Debilitation

   Spells                             Type                      Level
   Corona                             Hexes                        1
   *Slow                              Hexes                        2
   Inner Flame                        Hexes/Fire                   3
   Enslavement                        Hexes                        4
   Cause Fear                         Hexes                        4
   Leda's Liquefaction                Hexes/Earth                  4

······▒▒▒···▒▒▒▒▒▒▒▒···▒▒········
······▒·+···+······'···▒▒········
▒▒▒···▒·▒···▒▒▒▒▒▒▒▒···▒▒········
▒▒▒···▒·▒·······(······▒▒····▒▒▒▒
(·····▒·▒··············▒▒····▒
······▒·▒···········▒▒▒▒▒····▒▒▒▒
······▒··························
···▒▒··▒····▒'▒▒▒▒'▒▒▒▒▒▒▒▒▒▒▒▒▒▒
············(··oK·······>·▒······
···▒▒··▒▒▒▒·▒·▒▒▒▒·▒▒▒·▒··▒·▒▒▒▒▒
▒▒▒▒▒···▒▒▒·▒+▒▒▒▒'▒···▒········o
▒················)····[·▒▒▒▒▒
▒▒▒▒▒··▒▒··············▒·······
▒···((·(····)········▒▒▒'▒▒▒▒▒▒
▒▒▒·······o············▒········▒
··········5············▒······▒·▒
····▒▒▒▒···············▒······▒·▒


You could see an orc warrior.


Message History

The worker ant barely misses you.
The worker ant bites you but does no damage.
You hit the worker ant but do no damage.
The worker ant is severely wounded.
The worker ant closely misses you.
You hit the worker ant.
The worker ant is almost dead.
The worker ant bites you. The worker ant closely misses you.
You barely miss the worker ant.
The worker ant is almost dead.
The worker ant bites you. x2
The crimson imp blinks!
Drink which item? (? for menu, Esc to quit)
You feel very mighty all of a sudden. The worker ant bites you.
You barely miss the crimson imp. The worker ant barely misses you.
The crimson imp blinks!
The crimson imp barely misses you. The worker ant misses you.
You sock the crimson imp!
You kill the crimson imp!
The worker ant barely misses you.
You hit the worker ant.
You kill the worker ant!
You closely miss the orc warrior.
The orc warrior hits you with a short sword of draining!
* * * LOW HITPOINT WARNING * * *
You feel drained.
* * * LOW HITPOINT WARNING * * *
The orc warrior hits you with a short sword of draining!!
You die...

Action                   |  1- 3 |  4- 6 |  7- 9 || total
-------------------------+-------+-------+-------++-------
Melee: Unarmed           |    16 |       |       ||    16
       Whip              |    68 |    61 |       ||   129
       Flail             |       |    50 |    55 ||   105
 Fire: Hand crossbow     |    41 |   174 |   109 ||   324
 Cast: Slow              |       |     2 |     8 ||    10
Evoke: Wand              |       |     1 |       ||     1
  Use: Scroll            |     5 |     7 |     2 ||    14
       Potion            |       |     1 |     4 ||     5
 Stab: Sleeping          |     1 |     2 |     1 ||     4
       Distracted        |       |     1 |       ||     1
  Eat: Chunk             |     3 |     7 |     8 ||    18
       Meat ration       |       |     1 |       ||     1

Vault maps used:
D:1:      dpeg_arrival_ratfight
D:2:      nicolae_overflow_hidden_temple, grunt_dithmenos_smoke_and_mirrors
D:3:      nicolae_qazlal_eye_of_the_storm, minmay_misc_feat_plants,
          minmay_misc_feat_cross, kennysheep_generic_room_14
D:4:      gup_ossuary_entry_pyramid, hangedman_abyss_or_decor_lesser_grid
D:5:      overflow_temple_1_default, first_bread, kennysheep_generic_room_13
D:6:      minmay_temple_entry_overgrown, grunt_ministairs_12,
          hangedman_abyss_or_decor_passed
Ossuary:  ossuary_tomb_2

Notes
Turn   | Place    | Note
--------------------------------------------------------------
     0 | D:1      | MackTheKnife, the Kobold Arcane Marksman, began the quest for the Orb.
     0 | D:1      | Reached XP level 1. HP: 12/12 MP: 2/2
   427 | D:1      | Reached XP level 2. HP: 16/16 MP: 3/3
   560 | D:1      | Reached skill level 3 in Crossbows
   577 | D:1      | Reached skill level 3 in Dodging
   970 | D:1      | Reached XP level 3. HP: 20/20 MP: 4/4
  1748 | D:2      | Learned a level 2 spell: Slow
  1985 | D:2      | Reached XP level 4. HP: 17/25 MP: 5/5
  2180 | D:2      | Found a shadowy altar of Dithmenos.
  2252 | D:2      | Reached skill level 4 in Dodging
  2350 | D:2      | Reached skill level 4 in Crossbows
  2708 | D:3      | Killed Kold's ghost
  2813 | D:3      | Reached skill level 2 in Fighting
  2813 | D:3      | Reached XP level 5. HP: 27/30 MP: 7/7
  3019 | D:3      | Found a stormy altar of Qazlal.
  3615 | D:4      | Reached skill level 5 in Crossbows
  3690 | D:4      | Found a sand-covered staircase.
  3703 | Ossuary  | Entered an ossuary
  3723 | Ossuary  | Reached XP level 6. HP: 22/36 MP: 8/8
  4030 | Ossuary  | Reached skill level 3 in Fighting
  5294 | D:4      | Noticed an ogre
  5317 | D:4      | Killed an ogre
  5317 | D:4      | Reached skill level 6 in Crossbows
  5317 | D:4      | Reached XP level 7. HP: 42/42 MP: 6/9
  5595 | D:5      | Entered Level 5 of the Dungeon
  5946 | D:5      | Found a shattered altar of Ashenzari.
  5969 | D:5      | Reached skill level 5 in Dodging
  6244 | D:5      | Reached skill level 7 in Crossbows
  6344 | D:5      | HP: 3/42 [centaur (7)]
  6346 | D:5      | Reached skill level 6 in Dodging
  6346 | D:5      | Reached XP level 8. HP: 3/48 MP: 10/10
  6626 | D:5      | Upgraded the game from 0.16-a0-1029-gdfc7942 to 0.16-a0-1065-g6dfd42a
  7706 | D:5      | Reached skill level 2 in Spellcasting
  8017 | D:5      | Slain by an orc warrior

Vanquished Creatures
  An ogre (D:4)
  2 centaurs (D:5)
  A scorpion (D:5)
  A crimson imp (D:5)
  An orc priest (D:5)
  2 orc wizards (D:5)
  A gnoll shaman (D:5)
  4 worker ants
  An iguana (D:4)
  3 big kobold zombies (Ossuary)
  3 mummies
  7 gnolls
  3 adders
  A giant mite (D:4)
  A worm (D:3)
  9 adder zombies (Ossuary)
  A giant gecko (D:2)
  3 oozes
  6 orcs
  16 bats
  A bat skeleton (D:4)
  3 gnoll zombies (Ossuary)
  13 goblins
  11 hobgoblins
  3 jackals (D:2)
  2 quokkas
  3 ball pythons
  8 giant cockroaches
  4 giant newts
  A goblin skeleton (D:4)
  A hobgoblin skeleton (D:4)
  2 hobgoblin zombies (Ossuary)
  9 kobolds
  4 kobold zombies (Ossuary)
  An orc skeleton (D:5)
  8 orc zombies (Ossuary)
  15 rats
156 creatures vanquished.

Vanquished Creatures (others)
  The ghost of Kold the Chopper, an average MiFi (D:3)
1 creature vanquished.

Grand Total: 157 creatures vanquished
